 Dungeon Crawl Stone Soup version 0.28.0-62-gf88900778d (webtiles) character file.

Game seed: 5135687200341948652

4 pkoi the Insei (level 1, 11/17 HPs)
             Began as a Demigod Gladiator on June 7, 2022.
             Got out of the dungeon alive.
             The game lasted 00:00:20 (206 turns).

pkoi the Insei (Demigod Gladiator)                   Turns: 206, Time: 00:00:21

Health: 11/17      AC:  4    Str: 15    XL:     1   Next: 46%
Magic:  3/3        EV: 12    Int: 10    God:
Gold:   0          SH:  0    Dex: 15    Spells: 0/0 levels left

rFire   . . .      SeeInvis .     - Unarmed
rCold   . . .      Faith    .   (no shield)
rNeg    . . .      Spirit   .   a - +0 leather armour
rPois   .          Reflect  .   b - +0 helmet
rElec   .          Harm     .   (no cloak)
rCorr   .          Rampage  .   (no gloves)
Will    .....                   (no boots)
Stlth   +.........              (no amulet)
HPRegen 0.05/turn               (no ring)
MPRegen 0.08/turn               (no ring)

@: no status effects
A: high MP 1, forlorn, divine attributes
a: no special abilities


You escaped.
You visited 1 branch of the dungeon, and saw 1 of its levels.

Inventory:

Missiles
 c - 3 throwing nets (quivered)
Armour
 a - a +0 leather armour (worn)
 b - a +0 helmet (worn)
Scrolls
 d - a scroll of vulnerability {unknown}


   Skills:
 - Level 1.7 Fighting
 - Level 1.7 Throwing
 - Level 2.6 Dodging
 + Level 3.0 Unarmed Combat


You couldn't memorise any spells.
You didn't know any spells.
Your spell library was empty.

Dungeon Overview and Level Annotations

Branches:
Dungeon (1/15)


Innate Abilities, Weirdness & Mutations

You have an increased reservoir of magic. (+10% MP)
You shall have no god before yourself.
Your divine heritage dramatically boosts your attributes as you level up.


Message History

The dart slug barely misses you.
You hit the dart slug.
The dart slug is moderately wounded.
The dart slug barely misses you.
You hit the dart slug.
The dart slug is severely wounded.
The dart slug bites you but does no damage.
You hit the dart slug.
You kill the dart slug!
You see here a dart slug corpse.
An endoplasm comes into view.
The endoplasm quivers.
Saving game... please wait.
Welcome back, pkoi the Demigod Gladiator.
Press ? for a list of commands and other information.
An endoplasm is nearby!
Unknown command.
You see here a dart slug corpse.
There is an open door here.
The endoplasm freezes you.
You are frozen.
You barely miss the endoplasm. You hit the endoplasm but do no damage.
The endoplasm misses you.
You hit the endoplasm but do no damage. The endoplasm freezes you.
You are frozen.
* * * LOW HITPOINT WARNING * * *
You hit the endoplasm.
The endoplasm is almost dead.
The endoplasm hits you.
* * * LOW HITPOINT WARNING * * *
You hit the endoplasm.
You kill the endoplasm!
Your Unarmed Combat skill increases to level 3!
There is an open door here.
There is an escape hatch in the floor here.
There is an empty arch of ancient stone here.
There is a staircase leading out of the dungeon here.
Are you sure you want to leave the Dungeon?
This will make you lose the game!
You have escaped!

..................#####.# #.#....
.#.###.(....#.#.....>.#.###.#....
.#.# ########.#.#.###.#......J...
.#.# #...#..##.#.###......
##.###############.##.#.# #..†...
...#...........# #.##.#.# #.#....
####.⌠.♣.⌠.♣.⌠.###.##.#.# #.#....
###.............##.##.#.# #.#....
..∩.≈≈≈≈≈≈≈≈≈≈≈.@#.##.#.# #.#....
###.............##.##.#.# #.#....
..##.⌠.♣.⌠.♣.⌠.##..##.#.# #.#.###
#..#...........# .###.#.# #.#..
#.##############.####.#'###.# # .
#.........##.##### . ..
##........#....... . ..
#....).........## . ...
##.............#


There were no monsters in sight!

Vanquished Creatures
  A dart slug (D:1)
  An endoplasm (D:1)
  A ball python (D:1)
3 creatures vanquished.

Notes
Turn   | Place    | Note
-------+----------+-------------------------------------------
     0 | D:1      | pkoi the Demigod Gladiator began the quest for the Orb.
     0 | D:1      | Reached XP level 1. HP: 17/17 MP: 3/3
   120 | D:1      | Upgraded the game from 0.28.0-53-g5a82cb258f to
                  | 0.28.0-62-gf88900778d
   144 | D:1      | Reached skill level 3 in Unarmed Combat
   206 | D:$      | Got out of the dungeon alive.

Illustrated notes

Levels and vault maps discovered:
D:1:      mainiacjoe_arrival_reflecting_pool, layout_basic, minmay_tetromino_t4

Skill      XL: |  1 |
---------------+----+-----
Unarmed Combat | 3 |  3.0
Fighting       | |  1.7
Throwing       | |  1.7
Dodging        | |  2.6

Action                   || total
-------------------------++-------
Melee: Unarmed           ||    11
 Stab: Sleeping          ||     2
Armor: Leather armour    ||     1
Dodge: Dodged            ||     3
